 Dungeon Crawl Stone Soup version 0.29-a0-821-g66395355a5 (webtiles) character file.

Game seed: 13990606826427911393

4658 buhh the Fighter (level 10, 0/77 HPs)
             Began as an Octopode Transmuter on July 7, 2022.
             Slain by a troll (12 damage)
             ... on level 9 of the Dungeon.
             The game lasted 00:22:06 (11484 turns).

buhh the Fighter (Octopode Transmuter)             Turns: 11484, Time: 00:22:07

Health: 0/77       AC:  1    Str: 10    XL:     10   Next: 43%
Magic:  13/13      EV: 16    Int: 19    God:
Gold:   593        SH:  0    Dex: 13    Spells: 7/13 levels left

rFire   . . .      SeeInvis .   m - +10 arbalest of the Final Chapter {venom, Drain rElec rPois}
rCold   . . .      Faith    .   (shield currently unavailable)
rNeg    + . .      Spirit   .   (helmet restricted)
rPois   +          Reflect  .   (no amulet)
rElec   +          Harm     .   h - ring of willpower
rCorr   .          Rampage  .   z - ring of positive energy
Will    +....                   (no ring)
Stlth   +++.......              (no ring)
HPRegen 0.22/turn               (no ring)
MPRegen 0.13/turn               (no ring)
                                (no ring)
                                (no ring)

@: studying Fighting
A: almost no armour, amphibious, 8 rings, camouflage 1, gelatinous body 1,
(nimble swimmer 1), tentacles
a: no special abilities


You were on level 9 of the Dungeon.
You visited 2 branches of the dungeon, and saw 10 of its levels.
You also visited: Ossuary and Bailey.

You collected 593 gold pieces.

Inventory:

Hand Weapons
 m - the +10 arbalest of the Final Chapter (weapon) {venom, Drain rElec rPois}
   (You found it in a bailey)

   Any ammunition fired from it poisons the flesh of those it strikes.
   rElec:     It insulates you from electricity.
   rPois:     It protects you from poison.
   Drain:     It drains your maximum health when unequipped.
Missiles
 c - 2 throwing nets
 o - 5 poisoned darts
 w - a curare-tipped dart
Magical Staves
 a - a staff of conjuration
Jewellery
 g - a ring of ice
 h - a ring of willpower (left tentacle)
 z - a ring of positive energy (right tentacle)
Scrolls
 b - a scroll of vulnerability {unknown}
 f - a scroll of fear {!r}
 j - 2 scrolls of teleportation {!d}
 k - 4 scrolls of amnesia
 l - a scroll of immolation {!d}
 p - a scroll of fog
 r - a scroll of magic mapping {!r!d}
 v - a scroll of enchant armour
 y - a scroll of blinking {unknown}
Potions
 d - a potion of might {unknown}
 e - 4 potions of curing {!q!d}
 i - 4 potions of attraction
 n - 2 potions of magic {unknown}
 q - a potion of berserk rage {unknown}
 s - 2 potions of heal wounds {!q!d}
 t - 3 potions of resistance {unknown}
 u - a potion of degeneration {unknown}
 x - 2 potions of brilliance {unknown}
 A - a potion of ambrosia {unknown}


   Skills:
 + Level 10.4 Fighting
 - Level 8.0 Dodging
 - Level 3.0 Stealth
 - Level 8.0 Unarmed Combat
 - Level 2.0 Spellcasting
 - Level 5.0 Transmutations
 - Level 2.0 Poison Magic


You had 7 spell levels left.
You knew the following spells:

 Your Spells              Type           Power      Damage    Failure   Level
a - Beastly Appendage     Tmut           40%        N/A       2%          1
b - Wereblood             Tmut           20%        N/A       3%          2
c - Spider Form           Tmut/Pois      15%        N/A       12%         3

Your spell library contained the following spells:

 Spells                   Type           Power      Damage    Failure   Level
 Passwall                 Tmut/Erth      9%         N/A       9%          2
 Sandblast                Erth           2%         2d4       17%         1
 Sublimation of Blood     Necr           1%         N/A       26%         2
 Stone Arrow              Conj/Erth      2%         3d7       45%         3
 Ice Form                 Ice/Tmut       11%        N/A       52%         4
 Petrify                  Tmut/Erth      11%        N/A       52%         4
 Irradiate                Conj/Tmut      5%         3d15      86%         5


Dungeon Overview and Level Annotations

Branches:
Dungeon (9/15) Zot: 26943  Temple (1/1) D:6 Zot: 5991 Ossuary (visited)
 Bailey (visited)
   Lair: D:8-11         Orc: D:9-12

Altars:
Ashenzari
Elyvilon
Fedhas
Hepliaklqana
Makhleb
Nemelex Xobeh
Okawaru
Qazlal
Ru
Trog
Uskayaw
Vehumet
Yredelemnul
Zin


Innate Abilities, Weirdness & Mutations

You cannot wear most types of armour.
You are amphibious.
You can wear up to eight rings at the same time.
Your skin changes colour to match your surroundings (Stealth+).
Your rubbery body absorbs attacks. (AC +1, EV +1)
((You are camouflaged when in or above water. (Stealth+)))
You have tentacles for arms and can constrict up to eight enemies at once.


Message History

You now have 593 gold pieces (gained 10).
You open the door.
A troll comes into view.
A troll is nearby!
The +10 arbalest of the Final Chapter {venom, Drain rElec rPois} begins to drip with poison!
m - the +10 arbalest of the Final Chapter (weapon)
{venom, Drain rElec rPois} You shoot a bolt.
The bolt hits the troll.
The troll is poisoned.
The troll shouts!
The troll is lightly wounded.
You shoot a bolt. The bolt hits the troll!
The troll looks as sick as possible!
The troll is heavily wounded.
Really unwield
m - the +10 arbalest of the Final Chapter {venom, Drain rElec rPois}?
Okay, then.
Really unwield
m - the +10 arbalest of the Final Chapter {venom, Drain rElec rPois}?
Okay, then.
You shoot a bolt. The bolt closely misses the troll.
The troll bites you! The troll claws you! The troll misses you.
You shoot a bolt. The bolt completely misses the troll.
The troll barely misses you. The troll closely misses you.
The troll completely misses you. The troll closely misses you.
The troll barely misses you. The troll claws you.
You shoot a bolt. The bolt barely misses the troll.
The troll closely misses you. The troll barely misses you. The troll claws you.
The troll bites you! The troll barely misses you. The troll misses you.
You are too injured to fight recklessly!
Fire: m) +10 arbalest of the Final Chapter {venom, Drain rElec rPois}
Press: ? - help, Q - select action, (/) - cycle Shift-Dir - straight line, f/p - troll
Aim: a troll (almost dead, very poisoned, 69% to hit)
You shoot a bolt. The bolt barely misses the troll.
The troll bites you! The troll claws you.
* * * LOW HITPOINT WARNING * * *
The troll barely misses you.
Fire: m) +10 arbalest of the Final Chapter {venom, Drain rElec rPois}
Press: ? - help, Q - select action, (/) - cycle Shift-Dir - straight line, f/p - troll
Aim: a troll (almost dead, very poisoned, 69% to hit)
You shoot a bolt. The bolt barely misses the troll.
The troll bites you!
* * * LOW HITPOINT WARNING * * *
The troll claws you!
You die...

#.........#
#.....)...###
#...........#
#.........#..
#.........###
#..)>.....#
########.##
##...# #@.###
#T## ....
.......
#........
#........+
#........#
#........#


You could see a troll (very poisoned).

Vanquished Creatures
  An orc knight (Bailey)
  A hornet (D:7)
  A wyvern (D:7)
  A steam dragon (D:6)
  7 yaks (D:8)
  A water moccasin (D:6)
  10 orc warriors (Bailey)
  A black bear (D:8)
  2 phantoms
  An elf zombie (Ossuary)
  2 bullfrogs
  A kobold brigand (D:6)
  A necrophage (D:6)
  A scorpion (D:4)
  3 howler monkeys
  A centaur zombie (Ossuary)
  A crimson imp (D:7)
  2 human zombies (Ossuary)
  3 orc priests
  A gnoll bouda (D:6)
  7 hounds
  5 iguanas
  5 orc wizards
  2 mummies (Ossuary)
  8 adders
  4 gnolls
  2 shadow imps
  A white imp (D:7)
  An ufetubus (D:6)
  An adder zombie (Ossuary)
  2 dart slugs
  28 orcs
  4 endoplasms
  5 giant cockroaches
  11 goblins
  10 hobgoblins
  2 jackals (D:3)
  2 quokkas (D:4)
  6 ball pythons
  6 bats
  4 frilled lizards
  11 hobgoblin zombies (Ossuary)
  3 jackal zombies (Ossuary)
  7 kobolds
  9 kobold zombies (Ossuary)
  8 orc zombies (Ossuary)
  4 rats
  A rat zombie (Ossuary)
201 creatures vanquished.

Vanquished Creatures (others)
  2 orc warriors (Bailey)
  An orc (D:7)
  6 fungi
  4 plants
13 creatures vanquished.

Grand Total: 214 creatures vanquished

Notes
Turn   | Place    | Note
-------+----------+-------------------------------------------
     0 | D:1      | buhh the Octopode Transmuter began the quest for the Orb.
     0 | D:1      | Reached XP level 1. HP: 13/13 MP: 3/3
   166 | D:1      | Found a faded altar of an unknown god.
   196 | D:1      | Reached XP level 2. HP: 17/18 MP: 3/5
   845 | D:1      | Reached XP level 3. HP: 21/23 MP: 4/6
  1698 | D:2      | Identified the +5 falchion of Xom {spect, Str+4}
  1956 | D:2      | Found a basalt altar of Yredelemnul.
  2334 | D:3      | Reached XP level 4. HP: 14/28 MP: 7/7
  3276 | D:3      | Learned a level 2 spell: Wereblood
  3280 | D:3      | Learned a level 3 spell: Spider Form
  3298 | D:3      | Found a stormy altar of Qazlal.
  3300 | D:3      | Found a blossoming altar of Fedhas.
  3529 | D:3      | Found a broken altar of Ashenzari.
  3797 | D:3      | Reached skill level 2 in Fighting
  3797 | D:3      | Reached XP level 5. HP: 19/34 MP: 3/8
  3956 | D:4      | Found an iron altar of Okawaru.
  3984 | D:4      | Found a sand-covered staircase.
  4002 | Ossuary  | Entered an ossuary
  4307 | Ossuary  | Reached XP level 6. HP: 22/40 MP: 6/9
  5071 | Ossuary  | Reached skill level 5 in Unarmed Combat
  5174 | D:4      | Found a sparkling altar of Nemelex Xobeh.
  5212 | D:4      | Reached skill level 3 in Fighting
  5212 | D:4      | Reached XP level 7. HP: 45/46 MP: 8/10
  5486 | D:4      | Found a hazy altar of Hepliaklqana.
  6245 | D:5      | Entered Level 5 of the Dungeon
  6446 | D:5      | Found a white marble altar of Elyvilon.
  6797 | D:6      | Reached skill level 5 in Dodging
  6924 | D:6      | Reached XP level 8. HP: 30/53 MP: 8/11
  7665 | D:6      | Found a sacrificial altar of Ru.
  7705 | D:6      | Found a staircase to the Ecumenical Temple.
  7711 | Temple   | Entered the Ecumenical Temple
  7744 | D:6      | Found a glowing silver altar of Zin.
  7771 | D:6      | Reached skill level 4 in Fighting
  8026 | D:6      | Found a bloodstained altar of Trog.
  8321 | D:7      | Noticed a wyvern
  8340 | D:7      | Killed a wyvern
  8341 | D:7      | Reached XP level 9. HP: 35/59 MP: 8/12
  8466 | D:7      | Found a flagged portal.
  8497 | Bailey   | Entered a bailey
  8693 | Bailey   | Reached skill level 5 in Fighting
  8790 | Bailey   | Reached skill level 8 in Unarmed Combat
  9168 | Bailey   | Reached skill level 8 in Dodging
  9225 | Bailey   | Reached skill level 6 in Fighting
  9373 | Bailey   | Identified the +10 arbalest of the Final Chapter {venom,
                  | Drain rElec rPois}
  9380 | Bailey   | Noticed an orc knight
  9407 | Bailey   | Killed an orc knight
  9408 | Bailey   | Reached skill level 7 in Fighting
  9808 | D:7      | Found a hide-covered altar of Uskayaw.
  9920 | D:7      | Noticed a hornet
  9928 | D:7      | Killed a hornet
  9929 | D:7      | Reached skill level 8 in Fighting
  9929 | D:7      | Reached XP level 10. HP: 60/72 MP: 8/13
 10189 | D:7      | Found a radiant altar of Vehumet.
 10193 | D:7      | Found a burning altar of Makhleb.
 10552 | D:8      | Reached skill level 9 in Fighting
 10552 | D:8      | Reached skill level 5 in Transmutations
 10711 | D:8      | Reached skill level 10 in Fighting
 11426 | D:8      | Noticed a two-headed ogre
 11484 | D:9      | Slain by a troll

Illustrated notes

Levels and vault maps discovered:
D:1:      nzn_arrival_settlement, layout_basic,
          chequers_ecumenical_altar_island, chequers_serial_rivers_micro_e
D:2:      layout_basic, basic_altar, minmay_split_cup_large
D:3:      layout_loops_cross, grunt_temple_overflow_forces_of_nature,
          nicolae_ashenzari_skybound
D:4:      layout_loops_ring, nemelex_xobeh_ov_fountains_minmay,
          okawaru_ov_weapons_minmay, lemuel_doored_altar, serial_aquarium,
          aquarium_bridge_square [aquarium_subvault_bridge,
          aquarium_subvault_window, aquarium_subvault_window,
          aquarium_subvault_window], aquarium_window_1, aquarium_window_fake,
          aquarium_window_2, aquarium_view_2d, aquarium_view_2c,
          aquarium_pool_1, enter_ossuary_2, kennysheep_generic_room_13
D:5:      layout_rooms, elyvilon_altar_5
D:6:      layout_rooms, bloody_trog, nicolae_ru_path_of_blood,
          old_standard_altar, minmay_temple_entry_gardened_gates
D:7:      layout_loops_ring, grunt_temple_overflow_lords_of_destruction,
          eat_drink_and_be_merry_uskayaw, enter_bailey_5,
          hangedman_abyss_or_decor_passed
D:8:      layout_layer_cave, minitemple
D:9:      layout_roguey, lemuel_coloured_pillars_altar,
          gammafunk_temple_overflow_statue, erik_lair_island, minmay_puff
Temple:   ebering_the_none_and_only

Skill      XL: |  1  2  3  4  5  6  7  8  9 10 |
---------------+-------------------------------+-----
Stealth        | 1 2 3 |  3.0
Poison Magic   | 1 2 |  2.0
Fighting       | 2 3 4 8 10 | 10.4
Unarmed Combat | 4 5 6 7 8 |  8.0
Dodging        | 3 4 5 6 8 |  8.0
Transmutations | 3 5 |  5.0
Spellcasting   | |  2.0

Action                   |  1- 3 |  4- 6 |  7- 9 | 10-12 || total
-------------------------+-------+-------+-------+-------++-------
Melee: Unarmed           |   103 |   161 |   310 |    77 ||   651
       Tentacles         |    18 |    40 |    15 |     3 ||    76
       Constrict         |    22 |    47 |    18 |     1 ||    88
       Kick              |    21 |    30 |    14 |       ||    65
       Punch             |     2 |    10 |       |       ||    12
 Fire: Arbalest          |       |       |       |     7 ||     7
 Cast: Beastly Appendage |    26 |    18 |     8 |       ||    52
       Spider Form       |       |     2 |    34 |     9 ||    45
       Wereblood         |       |     2 |     4 |     2 ||     8
Evoke: Wand              |       |       |     5 |       ||     5
  Use: Potion            |     1 |     2 |     9 |       ||    12
       Scroll            |       |    10 |     7 |       ||    17
 Stab: Sleeping          |    15 |     3 |     5 |       ||    23
       Distracted        |       |     1 |       |       ||     1
Armor: Skin              |    25 |    10 |     8 |     2 ||    45
Dodge: Dodged            |    55 |    80 |   283 |    71 ||   489

Table legend: (Time is in decaauts)
 A = Elapsed time spent in this place.
 B = Non-inter-level travel time spent in this place.
 C = Inter-level travel time spent in this place.
 D = Time resting spent in this place.
 E = Time spent auto-exploring this place.
 F = Levels seen in this place.
 G = Mean time per level.
                   A        B        C        D        E       F      G
               +--------+--------+--------+--------+--------+-----+--------+
         Total |  11386 |  11049 |    337 |   3088 |   5790 |  12 |  948.8 |
       Dungeon |   9134 |   8797 |    337 |   1568 |   5704 |   9 | 1014.9 |
        Temple |      8 |      8 |      0 |      0 |      7 |   1 |    8.0 |
       Ossuary |   1134 |   1134 |      0 |    672 |     79 |   1 | 1134.0 |
        Bailey |   1109 |   1109 |      0 |    848 |      0 |   1 | 1109.0 |
               +--------+--------+--------+--------+--------+-----+--------+

Top non-repeatable levels by time:
     D:3: 1553 daAuts
     D:6: 1399 daAuts
     D:1: 1332 daAuts
     D:4: 1298 daAuts
 Ossuary: 1134 daAuts
  Bailey: 1109 daAuts
     D:7: 991 daAuts
     D:2: 971 daAuts
     D:8: 964 daAuts
     D:5: 567 daAuts
     D:9: 54 daAuts
  Temple: 8 daAuts
